 Dungeon Crawl Stone Soup version 0.29-a0-512-gf59ac788ac (webtiles) character file.

Game seed: 11070968468949416419

1373 spaghetti the Fighter (level 8, -1/66 (80) HPs)
             Began as an Ogre Fighter on May 29, 2022.
             Was a Follower of Hepliaklqana.
             Slain by a gnoll
             ... wielding a +0 flail
              (7 damage)
             ... on level 5 of the Dungeon.
             The game lasted 00:09:20 (8172 turns).

spaghetti the Fighter (Ogre Fighter)                Turns: 8172, Time: 00:09:21

HP:   -1/66 (80)    AC:  4    Str: 20 (23) XL:     8   Next: 66%
MP:   8/8           EV:  8    Int:  8 (9)  God:    Hepliaklqana [*.....]
Gold: 467           SH:  7    Dex:  9 (10) Spells: 7/7 levels left

rFire   . . .      SeeInvis .   c - +4 whip (elec) {mace}
rCold   + . .      Faith    .   b - +0 kite shield
rNeg    . . .      Spirit   .   a - +0 robe
rPois   .          Reflect  .   (helmet restricted)
rElec   .          Harm     .   d - +0 cloak
rCorr   +          Rampage  .   (gloves unavailable)
Will    .....                   (boots unavailable)
Stlth   ++........              (no amulet)
HPRegen 0.21/turn               i - ring of resist corrosion
MPRegen 0.11/turn               (no ring)

@: heavily drained
A: reduced essence, large, unfitting armour, tough skin 1, thin skeletal
structure 1, cold resistance 1
a: Renounce Religion, Recall Ancestor, Ancestor Identity


You were on level 5 of the Dungeon.
You worshipped Hepliaklqana.
Hepliaklqana was aware of your devotion.
You visited 2 branches of the dungeon, and saw 8 of its levels.
You also visited: Ossuary.

You collected 487 gold pieces.
You spent 20 gold pieces at shops.


Innate Abilities, Weirdness & Mutations

Your life essence is reduced to manifest your ancestor. (-10% HP)
You are too large for most types of armour.
You have tough skin. (AC +1)
You have a somewhat thin skeletal structure. (Dex +2, Stealth+)
Your flesh is cold resistant. (rC+)


   Skills:
 + Level 8.7 Fighting
 * Level 7.6 Throwing
 - Level 2.6 Dodging
 - Level 3.0 Shields
 - Level 3.5 Unarmed Combat


You had 7 spell levels left.
You didn't know any spells.
Your spell library contained the following spells:

 Spells                   Type           Power      Damage    Failure   Level
 Tukima's Dance           Hex            0%         N/A       97%         3
 Passage of Golubria      Tloc           0%         N/A       100%        4
 Freezing Cloud           Conj/Ice/Air   0%         6-21      100%        5
 Yara's Violent Unravell  Hex/Tmut       0%         3d3       100%        5
 Starburst                Conj/Fire      0%         6d3       100%        6
 Polar Vortex             Ice            0%         N/A       100%        9

Inventory:

Hand Weapons
 c - a +4 whip of electrocution (weapon) {mace}
   (You took it off an orc on level 3 of the Dungeon)
 g - a +1 whip of distortion {!wmace}
   (You took it off an orc on level 4 of the Dungeon)
Missiles
 l - 147 stones (quivered) {throwing}
 t - 6 poisoned darts {throwing}
 P - 10 boomerangs {throwing}
Armour
 a - a +0 robe (worn)
 b - a +0 kite shield (worn)
 d - a +0 cloak (worn)
   (You found it on level 1 of the Dungeon)
Jewellery
 i - a ring of resist corrosion (left hand)
   (You found it on level 4 of the Dungeon)
 o - a ring of ice
   (You found it on level 6 of the Dungeon)
Scrolls
 e - a scroll of fear
 h - a scroll of poison {!r}
 j - a scroll of vulnerability {!r!r}
 m - a scroll of amnesia
 q - a scroll of identify {@r1}
 u - 5 scrolls of teleportation {@r4}
 v - 4 scrolls of blinking {!r}
 B - a scroll of enchant armour
Potions
 f - a potion of magic
 k - 4 potions of curing {@q1}
 n - 3 potions of heal wounds {@q2}
 p - a potion of brilliance
 z - 3 potions of lignification {!q}

Dungeon Overview and Level Annotations

Branches:
Dungeon (7/15)             Temple (1/1) D:4         Ossuary (visited)

Altars:
Ashenzari
Cheibriados
Elyvilon
Fedhas
Gozag
Hepliaklqana
Kikubaaqudgha
Makhleb
Nemelex Xobeh
Okawaru
Qazlal
Ru
Trog
Uskayaw
Wu Jian
Yredelemnul
The Shining One

Shops:
D:3

? # #### #. #..
#.# #.## ###
#.##..#.####
..###.†@n......
#.#.##g.#.####
#.###..#
#........
####<..#.#
....#.# #.#.# .
.. .# ##


You could see a necrophage and a gnoll.


Message History

You regained 4 hp, and now have 40/74 hp.
There is an open door here.
There is a stone staircase leading down here. 😮 HP[+4]
You regained 4 hp, and now have 44/74 hp.
You climb downwards.
The howler monkey hoots and howls with incredible vigour!
The howler monkey hits you but does no damage.
The wight hits you with a +4 mace of freezing!
* * * LOW HITPOINT WARNING * * *
You feel drained.
* * * LOW HITPOINT WARNING * * *
You block the wight's attack.
The howler monkey hoots and howls with incredible vigour!
You block the howler monkey's attack.
You hear an angry growl.
There is a stone staircase leading up here. 😨 HP[-10]
You now have 72 max hp (-2).
You take 10 damage, and now have 34/72 hp.
The howler monkey hoots and howls with incredible vigour!
The howler monkey barely misses you.
The wight hits you with a +4 mace of freezing.
* * * LOW HITPOINT WARNING * * *
The wight hits Cipactli with a +0 short sword.
Cipactli hits the wight but does no damage.
You hear an angry hiss.
You climb upwards.
There is a stone staircase leading down here. 😨 HP[-2]
You take 2 damage, and now have 32/72 hp.
Unknown command.
Unknown command.
Unknown command.
The wight attacks as you move away! You block the wight's attack.
The howler monkey attacks as you move away!
The howler monkey hits you!
* * * LOW HITPOINT WARNING * * *
The howler monkey attacks as you move away!
The howler monkey hits you.
* * * LOW HITPOINT WARNING * * *
The wight closely misses you. 😨 HP[-8]
You take 8 damage, and now have 24/72 hp.
You closely miss the wight.
The wight hits you with a +0 dire flail!
* * * LOW HITPOINT WARNING * * *
You feel drained.
* * * LOW HITPOINT WARNING * * *
The howler monkey barely misses you. The wight misses you. 😱 HP[-16]
You now have 70 max hp (-2).
You take 16 damage, and now have 8/70 hp.
MASSIVE DAMAGE!! (PAUSE) Really read
v - 5 scrolls of blinking {!r}?
Blink to where?
Press: ? - help, Dir - move target
As you read the scroll of blinking {!r}, it crumbles to dust. 😱 HP[+1] 😱 HP[+1] 😱 HP[+1]
There is an escape hatch in the ceiling here.
A mysterious force pulls you upwards. The hatch slams shut behind you.
Found an escape hatch in the ceiling.
A quokka is nearby!
A quokka is nearby!
Unknown command. 😱 HP[+1]
A necrophage comes into view.
The quokka closely misses you.
You whack the quokka!
You kill the quokka!
You see here a quokka corpse.
A gnoll comes into view. It is wielding a +0 flail. 😱 HP[+1]
You barely miss the necrophage.
The gnoll shouts!
The necrophage hits you.
* * * LOW HITPOINT WARNING * * *
You feel drained. 😱 HP[-2]
You now have 68 max hp (-2).
You whack the necrophage!
The necrophage hits you but does no damage.
You whack the necrophage! The necrophage closely misses you.
You hit the necrophage. You block the necrophage's attack.
The necrophage hits you.
* * * LOW HITPOINT WARNING * * *
You feel drained. 😱 HP[-3]
You now have 67 max hp (-1).
You take 3 damage, and now have 8/67 hp.
Unknown command.
Unknown command.
You hit the necrophage. You block the necrophage's attack.
You hit the necrophage. The necrophage hits you.
* * * LOW HITPOINT WARNING * * *
You feel drained. The gnoll hits you with a +0 flail!
You die...

Skill      XL: |  1  2  3  4  5  6  7  8 |
---------------+-------------------------+-----
Unarmed Combat | 2 3 |  3.5
Fighting       | 5 6 7 8 |  8.7
Throwing       | 1 2 3 4 6 7 |  7.6
Dodging        | |  2.6
Shields        | |  3.0

Action                   |  1- 3 |  4- 6 |  7- 9 || total
-------------------------+-------+-------+-------++-------
Melee: Unarmed           |   185 |   189 |       ||   374
       Whip              |       |    61 |   137 ||   198
Throw: Stone             |     5 |     1 |       ||     6
  Use: Potion            |     1 |     7 |     4 ||    12
       Scroll            |       |     8 |     7 ||    15
 Stab: Sleeping          |       |     1 |     1 ||     2
       Paralysed         |       |       |     1 ||     1
Armor: Robe              |    58 |    90 |    27 ||   175
       Skin              |       |     5 |       ||     5
Dodge: Dodged            |    78 |   100 |    45 ||   223
Block: Kite shield       |    55 |    98 |    28 ||   181

Levels and vault maps discovered:
D:1:      dpeg_arrival_arbitrary_b, layout_basic,
          chequers_ecumenical_altar_grove, minmay_crystal_room
D:2:      layout_basic, lightli_corner_chamber, uniq_terence
D:3:      layout_rooms, serial_shops, nicolae_shop_behind_doors,
          kennysheep_generic_room_16
D:4:      layout_basic, nicolae_ru_great_annihilating_truth,
          minmay_temple_entry_hall
D:5:      minmay_polygon_palace, layout_loops_ring, uniq_ijyb
D:6:      layout_basic, nicolae_ossuary_entry_giza
D:7:      layout_cave_pools
Temple:   eino_temple_scatter_basement

Notes
Turn   | Place    | Note
-------+----------+-------------------------------------------
     0 | D:1      | spaghetti the Ogre Fighter began the quest for the Orb.
     0 | D:1      | Reached XP level 1. HP: 24/24 MP: 1/1
     0 | D:1      | magus.rc [v1.9.6]
    62 | D:1      | Reached skill level 2 in Unarmed Combat
   157 | D:1      | Reached XP level 2. HP: 29/33 MP: 2/2
   471 | D:1      | You add the spells Tukima's Dance, Passage of Golubria and
                  | Yara's Violent Unravelling to your library.
   584 | D:1      | Reached XP level 3. HP: 35/40 MP: 3/3
   999 | D:1      | Found a faded altar of an unknown god.
  1376 | D:2      | You add the spells Freezing Cloud, Starburst and Polar
                  | Vortex to your library.
  1376 | D:2      | Got the Grimoire of the Glacial Volcanoes
  1823 | D:2      | Noticed Terence
  1838 | D:2      | HP: 5/41 [Terence/+0 flail (8)]
  1839 | D:2      | Killed Terence
  1840 | D:2      | Reached skill level 5 in Fighting
  1840 | D:2      | Reached skill level 1 in Throwing
  1840 | D:2      | Reached XP level 4. HP: 7/50 MP: 4/4
  3264 | D:3      | Reached skill level 2 in Throwing
  3494 | D:3      | Found Roskysut's Magic Scroll Shoppe.
  3497 | D:3      | Bought a scroll of identify for 20 gold pieces
  3499 | D:3      | Noticed a black bear
  3514 | D:3      | Killed a black bear
  3515 | D:3      | Reached skill level 3 in Unarmed Combat
  3515 | D:3      | Reached XP level 5. HP: 46/58 MP: 5/5
  3741 | D:3      | Reached skill level 3 in Throwing
  4184 | D:3      | Reached XP level 6. HP: 53/65 MP: 6/6
  4190 | D:3      | Reached skill level 6 in Fighting
  4463 | D:4      | Found a staircase to the Ecumenical Temple.
  4511 | Temple   | Entered the Ecumenical Temple
  4697 | Temple   | Became a worshipper of Hepliaklqana the Forgotten
  4779 | D:4      | Reached skill level 4 in Throwing
  5121 | D:4      | Reached XP level 7. HP: 48/76 MP: 7/7
  5534 | D:4      | Found a sacrificial altar of Ru.
  5673 | D:5      | Entered Level 5 of the Dungeon
  5713 | D:5      | Noticed a two-headed ogre
  5718 | D:5      | HP: 13/76 [two-headed ogre/+0 giant spiked club (12)]
  5718 | D:5      | HP: 2/76 [two-headed ogre/+0 giant spiked club (11)]
  6095 | D:6      | Reached * piety under Hepliaklqana
  6102 | D:6      | Reached skill level 5 in Throwing
  6104 | D:6      | Found a sand-covered staircase.
  6112 | Ossuary  | Entered an ossuary
  6153 | Ossuary  | Reached skill level 7 in Fighting
  6168 | Ossuary  | HP: 17/70 [mummy (5)]
  6846 | D:6      | Reached skill level 6 in Throwing
  6846 | D:6      | Reached XP level 8. HP: 65/78 MP: 8/8
  6944 | D:6      | HP: 9/78 [orc warrior/+0 morningstar (19)]
  6945 | D:6      | HP: 2/78 [orc warrior/+0 morningstar (7)]
  7314 | D:6      | Reached skill level 8 in Fighting
  7506 | D:6      | Gained mutation: You have a somewhat thin skeletal
                  | structure. (Dex +2, Stealth+) [potion of mutation]
  7506 | D:6      | Gained mutation: Your flesh is cold resistant. (rC+)
                  | [potion of mutation]
  7555 | D:6      | Reached skill level 7 in Throwing
  8146 | D:6      | HP: 13/72 [wight/+0 dire flail (11)]
  8167 | D:5      | HP: 11/70 [necrophage (2)]
  8172 | D:5      | HP: 6/67 [necrophage (2)]
  8172 | D:5      | Slain by a gnoll

Vanquished Creatures
  A steam dragon (D:6)
  An orc warrior (D:6)
  2 black bears
  A phantom (D:6)
  A necrophage (D:3)
  2 scorpions
  2 howler monkeys
  A hound (D:6)
  An orc priest (D:4)
  3 iguanas
  Terence (D:2)
  3 orc wizards
  7 mummies
  An adder (D:5)
  4 worms
  6 dart slugs
  20 orcs
  7 endoplasms
  3 giant cockroaches
  3 goblins
  10 hobgoblins
  5 jackals
  9 kobolds
  3 quokkas
  4 ball pythons
  5 bats
  A frilled lizard (D:4)
  3 gnoll zombies (Ossuary)
  3 hobgoblin zombies
  A kobold zombie (Ossuary)
  An orc zombie (Ossuary)
  5 rats
120 creatures vanquished.

Vanquished Creatures (collateral kills)
  An ogre (D:6)
  A bullfrog (D:6)
  2 mummies (Ossuary)
  An adder (D:6)
  2 kobold zombies (Ossuary)
7 creatures vanquished.

Vanquished Creatures (others)
  2 ancestors
2 creatures vanquished.

Grand Total: 129 creatures vanquished

Table legend:
 A = Non-vault XP
 B = Vault XP
 C = Vault XP percentage of total XP
 D = Non-vault monster count
 E = Vault monster count
 F = Vault count percentage of total count
                 A         B        C        D         E       F
            +---------+---------+-------+---------+---------+-------
      Total |    1701 |     261 |  13.3 |     101 |      26 |  20.5
            +---------+---------+-------+---------+---------+-------
        D:1 |      45 |       0 |   0.0 |      24 |       0 |   0.0
        D:2 |      35 |      36 |  50.7 |      19 |       1 |   5.0
        D:3 |     297 |       5 |   1.7 |      21 |       2 |   8.7
        D:4 |     231 |      40 |  14.8 |      19 |       4 |  17.4
        D:5 |      15 |       0 |   0.0 |       2 |       0 |   0.0
        D:6 |    1024 |      20 |   1.9 |      15 |       3 |  16.7
        D:7 |      54 |       0 |   0.0 |       1 |       0 |   0.0
    Ossuary |       0 |     160 | 100.0 |       0 |      16 | 100.0
            +---------+---------+-------+---------+---------+-------

Illustrated notes

Table legend:
 A = Kills in this place as a percentage of kills in entire the game.
 B = Kills by you in this place as a percentage of kills by you in the entire game.
 C = Kills by friends in this place as a percentage of kills by friends in the entire game.
 D = Other kills in this place as a percentage of other kills in the entire game.
 E = Experience gained in this place as a percentage of experience gained in the entire game.
 F = Experience gained in this place divided by the number of levels of this place that you have seen.
                   A       B       C       D       E      F
               +-------+-------+-------+-------+-------+----------------------
         Total | 100.0 | 100.0 | 100.0 |   N/A | 100.0 | 218.0
       Dungeon |  87.4 |  90.0 |  42.9 |   N/A |  91.8 | 257.4
       Ossuary |  12.6 |  10.0 |  57.1 |   N/A |   8.2 | 160.0
               +-------+-------+-------+-------+-------+----------------------

Table legend: (Time is in decaauts)
 A = Elapsed time spent in this place.
 B = Non-inter-level travel time spent in this place.
 C = Inter-level travel time spent in this place.
 D = Time resting spent in this place.
 E = Time spent auto-exploring this place.
 F = Levels seen in this place.
 G = Mean time per level.
                   A        B        C        D        E       F      G
               +--------+--------+--------+--------+--------+-----+--------+
         Total |   8264 |   8047 |    217 |    792 |   6019 |   9 |  918.2 |
       Dungeon |   7475 |   7295 |    180 |    559 |   5624 |   7 | 1067.9 |
        Temple |    204 |    167 |     37 |      0 |    152 |   1 |  204.0 |
       Ossuary |    584 |    584 |      0 |    233 |    243 |   1 |  584.0 |
               +--------+--------+--------+--------+--------+-----+--------+

Top non-repeatable levels by time:
     D:6: 1863 daAuts
     D:3: 1726 daAuts
     D:2: 1351 daAuts
     D:1: 1303 daAuts
     D:4: 1136 daAuts
 Ossuary: 584 daAuts
  Temple: 204 daAuts
     D:5: 72 daAuts
     D:7: 21 daAuts
